 Dungeon Crawl Stone Soup version 0.31.0-1-g2c135a0 (webtiles) character file.

Game seed: 7936247501741524772

30331 jagoly the Fighter (level 13, 0/86 HPs)
             Began as a Gargoyle Monk on Jan 27, 2024.
             Was the Champion of Cheibriados.
             Slain by a dire elephant (8 damage)
             ... on level 5 of the Lair of Beasts.
             The game lasted 01:38:48 (6290 turns).

jagoly the Fighter (Gargoyle Monk)                  Turns: 6290, Time: 01:38:49

Health: 0/86       AC: 15    Str: 32    XL:     13   Next: 51%
Magic:  5/30       EV: 21    Int: 38    God:    Cheibriados [******]
Gold:   472        SH: 16    Dex: 27    Spells: 6/23 levels left

rFire   . . .        U - staff of death
rCold   . . .        L - +2 kite shield
rNeg    + + .        p - +0 troll leather armour
rPois   ∞            T - +0 helmet {Int+3}
rElec   +            m - +0 cloak
rCorr   .            (no gloves)
SInv    .            (no boots)
Will    .....        O - amulet of magic regeneration
Stlth   +++          v - ring of Gereunk {MP+9 Int+6}
HPRegen 1.14/turn    Q - +5 ring of evasion
MPRegen 0.62/turn

%: no passive effects
@: very slightly contaminated, very slow
A: sickness immunity, AC +9, negative energy resistance 1, electricity
resistance, torment resistance 1, petrification resistance
a: Renounce Religion, Bend Time, Temporal Distortion, Slouch, Step From Time


You were on level 5 of the Lair of Beasts.
You worshipped Cheibriados.
Cheibriados was exalted by your worship.
You visited 2 branches of the dungeon, and saw 16 of its levels.
You also visited: Sewer.

You collected 1006 gold pieces.
You spent 534 gold pieces at shops.

Inventory:

Hand Weapons
 a - a +0 hand axe
 f - a +0 spear
 h - a +0 trident
 H - a +0 sling
Missiles
 e - 88 stones (quivered)
 i - 9 throwing nets
 o - 27 poisoned darts
 x - 18 boomerangs
 A - 13 curare-tipped darts
Armour
 m - a +0 cloak (worn)
 p - a +0 troll leather armour (worn)
 J - a +2 scale mail of cold resistance
 L - a +2 kite shield (worn)
 T - a +0 helmet of intelligence (worn)
Magical Staves
 U - a staff of death (weapon)
Jewellery
 v - the ring of Gereunk (left hand) {MP+9 Int+6}
   (You found it on level 4 of the Dungeon)

   [ring of intelligence]

   Int+6:     It affects your intelligence (+6).
   MP+9:      It affects your magic capacity (+9).
 w - a +6 ring of strength
 K - a ring of protection from fire
 M - a ring of fire
 O - an amulet of magic regeneration (around neck)
 Q - a +5 ring of evasion (right hand)
Wands
 b - a wand of charming (5)
 r - a wand of roots (22)
 F - a wand of flame (28)
 N - a wand of mindburst (5)
 P - a wand of polymorph (1)
Scrolls
 g - 3 scrolls of immolation
 j - 5 scrolls of poison
 k - 2 scrolls of amnesia
 l - a scroll of identify
 n - a scroll of butterflies {unknown}
 q - 4 scrolls of teleportation
 t - 3 scrolls of fear
 y - a scroll of vulnerability {unknown}
 R - a scroll of brand weapon {unknown}
 V - a scroll of fog {unknown}
Potions
 c - a potion of ambrosia
 s - 6 potions of heal wounds
 u - 2 potions of enlightenment
 z - 2 potions of magic
 B - 4 potions of might
 C - 2 potions of mutation
 D - a potion of berserk rage {unknown}
 E - a potion of brilliance {unknown}
 G - 2 potions of invisibility
 I - 4 potions of curing
 S - a potion of lignification {unknown}


   Skills:
 - Level 12.0 Fighting
 - Level 6.0 Axes
 - Level 2.0 Throwing
 - Level 6.0 Armour
 - Level 6.0 Dodging
 - Level 2.0 Stealth
 - Level 10.0 Shields
 * Level 5.8 Spellcasting
 - Level 8.0 Conjurations
 - Level 8.0 Earth Magic
 - Level 6.0 Alchemy
 - Level 4.0 Evocations


You had 6 spell levels left.
You knew the following spells:

 Your Spells              Type           Power      Damage    Failure   Level
a - Sandblast             Erth           100%       2d20      1%          1
b - Borgnjor's Vile Clut  Necr/Erth      29%        N/A       28%         5
w - Passwall              Erth           64%        N/A       1%          3
x - Stone Arrow           Conj/Erth      100%       3d13      1%          3
T - Irradiate             Conj/Alch      29%        3d21      9%          5

Your spell library contained the following spells:

 Spells                   Type           Power      Damage    Failure   Level
 Brom's Barrelling Bould  Conj/Erth      64%        2d8       1%          4
 Petrify                  Alch/Erth      59%        N/A       3%          4
 Animate Dead             Necr           16%        N/A       45%         4
 Death Channel            Necr           8%         N/A       100%        6
 Sublimation of Blood     Necr           Unusable   N/A       N/A         2

Dungeon Overview and Level Annotations

Branches:
Dungeon (11/15) Zot: 38619  Temple (0/1) D:5            Lair (5/5) D:8 Zot: 39754
  Swamp (0/4) Lair:3        Snake (0/4) Lair:2        Slime (0/5) Lair:5
    Orc (0/2) D:11          Sewer (visited)

Altars:
Cheibriados
Hepliaklqana
Kikubaaqudgha
Makhleb
Qazlal
Sif Muna
Trog
The Shining One

Shops:
D:2 =   D:5 !   D:7 [:   D:11 [


Innate Abilities, Weirdness & Mutations

You are immune to sickness and miasma.
Your stone body is resilient. (AC +9)
You are immune to poison.
You resist negative energy. (rN+)
You are resistant to electric shocks. (rElec)
You are resistant to unholy torment.
You are immune to petrification.


Message History

The cane toad stings you but does no damage.
The elephant tramples the withered plant!
The elephant trunk-slaps the withered plant.
Cast which spell? (? or * to list)
Aiming: Stone Arrow (safe; 1% risk of failure)
Press: ? - help, Shift-Dir - straight line The stone arrow hits the cane toad!!
You kill the cane toad!
Cheibriados appreciates the change of pace.
The necromancer shouts!
Cast which spell? (? or * to list)
Aiming: Stone Arrow (safe; 1% risk of failure)
Press: ? - help, Shift-Dir - straight line, f - elephant
Aim: an elephant (100% to hit)
The stone arrow hits the elephant!!
The elephant is moderately wounded.
The elephant misses you. You block the elephant's attack.
Cast which spell? (? or * to list)
Aiming: Stone Arrow (safe; 1% risk of failure)
Press: ? - help, Shift-Dir - straight line, p - elephant The stone arrow hits the elephant!!
The elephant is severely wounded.
The withered plant crumbles away.
You block the elephant's attack.
The elephant trunk-slaps you but does no damage.
Cast which spell? (? or * to list)
Aiming: Stone Arrow (safe; 1% risk of failure)
Press: ? - help, Shift-Dir - straight line The stone arrow hits the elephant!!
You kill the elephant!
Cheibriados appreciates the change of pace.
Cast which spell? (? or * to list)
Aiming: Stone Arrow (safe; 1% risk of failure)
Press: ? - help, Shift-Dir - straight line The stone arrow hits the elephant!
The elephant is moderately wounded.
The elephant completely misses you. You block the elephant's attack.
Cast which spell? (? or * to list)
Aiming: Stone Arrow (safe; 1% risk of failure)
Press: ? - help, Shift-Dir - straight line The stone arrow hits the elephant!!
The elephant is heavily wounded.
The elephant barely misses you. You block the elephant's attack.
Cast which spell? (? or * to list)
Aiming: Stone Arrow (safe; 1% risk of failure)
Press: ? - help, Shift-Dir - straight line The stone arrow hits the elephant!!
The elephant is almost dead.
* * * LOW MAGIC WARNING * * *
The elephant tramples you but does no damage.
You block the elephant's attack.
Okay, then.
Cast which spell? (? or * to list)
Aiming: Sandblast (safe; 1% risk of failure)
Press: ? - help, Shift-Dir - straight line The blast of sand hits the elephant!
You kill the elephant!
Cheibriados appreciates the change of pace.
* * * LOW MAGIC WARNING * * *
Cast which spell? (? or * to list)
Aiming: Sandblast (safe; 1% risk of failure)
Press: ? - help, Shift-Dir - straight line The blast of sand misses the necromancer.
* * * LOW MAGIC WARNING * * *
The necromancer gestures wildly while chanting.
The necromancer binds the souls of nearby monsters.
You block the necromancer's attack.
Cast which spell? (? or * to list)
Aiming: Sandblast (safe; 1% risk of failure)
Press: ? - help, Shift-Dir - straight line The blast of sand hits the necromancer!!
The necromancer is severely wounded.
* * * LOW MAGIC WARNING * * *
The necromancer gestures at you while chanting.
The bolt of negative energy misses you.
The bolt of negative energy hits the withered plant.
The withered plant completely resists.
Cast which spell? (? or * to list)
Aiming: Sandblast (safe; 1% risk of failure)
Press: ? - help, Shift-Dir - straight line The blast of sand hits the necromancer but does no damage.
The necromancer is severely wounded.
* * * LOW MAGIC WARNING * * *
You block the necromancer's attack.
The necromancer hits you but does no damage.
Cast which spell? (? or * to list)
Aiming: Sandblast (safe; 1% risk of failure)
Press: ? - help, Shift-Dir - straight line The blast of sand misses the necromancer.
* * * LOW MAGIC WARNING * * *
The necromancer hits you but does no damage.
Cast which spell? (? or * to list)
Aiming: Sandblast (safe; 1% risk of failure)
Press: ? - help, Shift-Dir - straight line The blast of sand hits the necromancer.
The necromancer is severely wounded.
* * * LOW MAGIC WARNING * * *
The necromancer hits you but does no damage.
You block the necromancer's attack.
Cast which spell? (? or * to list)
Aiming: Sandblast (safe; 1% risk of failure)
Press: ? - help, Shift-Dir - straight line The blast of sand hits the necromancer!
You kill the necromancer!
Cheibriados appreciates the change of pace.
* * * LOW MAGIC WARNING * * *
There is an open door, spattered with blood here.
Things that are here:
a +0 dagger; a +0 robe; an elephant corpse
Found a glowing executioner's axe.
Marking area around an obsidian statue as unsafe for travelling.
Press: ? - help, v - describe, . - travel, g - get item
Items here: 8 stones; a helmet.
The floor.
As you read the scroll of identify, it crumbles to dust.
G - 2 potions of invisibility
There is an open door, spattered with blood here.
Things that are here:
a +0 dagger; a +0 robe; an elephant corpse You drop an orb of light.
You open the large door.
Found 14 gold pieces.
There is a large open door here.
Okay, then.
Cast which spell? (? or * to list)
Aiming: Stone Arrow (safe; 1% risk of failure)
Press: ? - help, Shift-Dir - straight line, f - obsidian statue
Aim: an obsidian statue (unaware, hasn't noticed you, 100% to hit)
Okay, then.
Cast which spell? (? or * to list)
Aiming: Stone Arrow (safe; 1% risk of failure)
Press: ? - help, Shift-Dir - straight line, f - obsidian statue
Aim: an obsidian statue (unaware, hasn't noticed you, 100% to hit)
The stone arrow hits the obsidian statue!
The obsidian statue is lightly damaged.
The obsidian statue's eyes glow briefly.
Cast which spell? (? or * to list)
Aiming: Stone Arrow (safe; 1% risk of failure)
Press: ? - help, Shift-Dir - straight line, f/p - obsidian statue
Aim: an obsidian statue (lightly damaged, 100% to hit)
The stone arrow hits the obsidian statue!!
The obsidian statue is heavily damaged.
The smoke demon closely misses you. The smoke demon misses you.
You block the smoke demon's attack.
Cast which spell? (? or * to list)
Aiming: Stone Arrow (safe; 1% risk of failure)
Press: ? - help, Shift-Dir - straight line, f/p - obsidian statue
Aim: an obsidian statue (heavily damaged, 100% to hit)
The stone arrow hits the obsidian statue!!
The obsidian statue is severely damaged.
The obsidian statue's eyes glow briefly.
The obsidian statue attempts to bespell you!
You are mesmerised by the obsidian statue!
You block the smoke demon's attack. x3
Cast which spell? (? or * to list)
Aiming: Stone Arrow (safe; 1% risk of failure)
Press: ? - help, Shift-Dir - straight line, f/p - obsidian statue
Aim: an obsidian statue (severely damaged, mesmerising, 100% to hit)
The stone arrow hits the obsidian statue!
The obsidian statue is almost destroyed.
The obsidian statue's eyes glow briefly.
The smoke demon closely misses you. You block the smoke demon's attack. x2
Cast which spell? (? or * to list)
Aiming: Stone Arrow (safe; 1% risk of failure)
Press: ? - help, Shift-Dir - straight line, f/p - obsidian statue
Aim: an obsidian statue (almost destroyed, mesmerising, 100% to hit)
The stone arrow hits the obsidian statue!
You are no longer entranced.
You destroy the obsidian statue!
Cheibriados appreciates the change of pace.
The smoke demon disappears in a puff of smoke!
The neqoxec disappears in a puff of smoke!
Training target 12.0 for Fighting reached!
Your Fighting skill increases to level 12!
Your Spellcasting skill increases to level 5!
You now have 472 gold pieces (gained 14).
You open the large door.
A spectral elephant, a spectral cane toad and a dire elephant skeleton come into view.
Cast which spell? (? or * to list)
Aiming: Stone Arrow (safe; 1% risk of failure)
Press: ? - help, Shift-Dir - straight line, f - spectral elephant
Aim: a spectral elephant (100% to hit)
The stone arrow hits the spectral elephant!
The spectral elephant is moderately damaged.
Cast which spell? (? or * to list)
Aiming: Stone Arrow (safe; 1% risk of failure)
Press: ? - help, Shift-Dir - straight line, f/p - spectral elephant
Aim: a spectral elephant (moderately damaged, 100% to hit)
The stone arrow hits the spectral elephant.
The spectral elephant is heavily damaged.
The spectral elephant tramples you.
You stumble backwards!
Cast which spell? (? or * to list)
Aiming: Stone Arrow (safe; 1% risk of failure)
Press: ? - help, Shift-Dir - straight line, f/p - spectral elephant
Aim: a spectral elephant (heavily damaged, 100% to hit)
The stone arrow hits the spectral elephant!
The spectral elephant is severely damaged.
You block the spectral elephant's attack.
The spectral elephant completely misses you.
Cast which spell? (? or * to list)
Aiming: Stone Arrow (safe; 1% risk of failure)
Press: ? - help, Shift-Dir - straight line, f - spectral cane toad, p - spectral elephant
Aim: a spectral cane toad (95% to hit)
The stone arrow hits the spectral elephant!!
You destroy the spectral elephant!
Cheibriados appreciates the change of pace.
The spectral cane toad misses you.
Cast which spell? (? or * to list)
Aiming: Stone Arrow (safe; 1% risk of failure)
Press: ? - help, Shift-Dir - straight line, f - dire elephant skeleton, p - spectral cane toad
Aim: a dire elephant skeleton (100% to hit)
The stone arrow misses the spectral cane toad.
The stone arrow hits the dire elephant skeleton!
The dire elephant skeleton is lightly damaged.
You block the spectral cane toad's attack.
Cast which spell? (? or * to list)
Aiming: Stone Arrow (safe; 1% risk of failure)
Press: ? - help, Shift-Dir - straight line, f/p - dire elephant skeleton
Aim: a dire elephant skeleton (lightly damaged, 100% to hit)
The stone arrow hits the spectral cane toad!
The spectral cane toad is moderately damaged.
The spectral cane toad completely misses you.
Cast which spell? (? or * to list)
Aiming: Stone Arrow (safe; 1% risk of failure)
Press: ? - help, Shift-Dir - straight line, f/p - dire elephant skeleton
Aim: a dire elephant skeleton (lightly damaged, 100% to hit)
The stone arrow hits the spectral cane toad!
The spectral cane toad is heavily damaged.
You block the spectral cane toad's attack.
Cast which spell? (? or * to list)
Okay, then.
Cast which spell? (? or * to list)
You erupt in a fountain of uncontrolled magic!
The spectral cane toad is blasted with magical radiation!!
You destroy the spectral cane toad!
Cheibriados appreciates the change of pace.
The dire elephant skeleton is blasted with magical radiation!!
The dire elephant skeleton is moderately damaged.
The withered plant is blasted with magical radiation!!
The withered plant begins to crumble.
The withered plant is lightly damaged.
You are very lightly contaminated with residual magic.
You block the dire elephant skeleton's attack.
Cast which spell? (? or * to list)
Aiming: Stone Arrow (safe; 1% risk of failure)
Press: ? - help, Shift-Dir - straight line, f/p - dire elephant skeleton
Aim: a dire elephant skeleton (moderately damaged, 100% to hit)
The stone arrow hits the dire elephant skeleton!!
The dire elephant skeleton is heavily damaged.
You block the dire elephant skeleton's attack.
Cast which spell? (? or * to list)
Aiming: Stone Arrow (safe; 1% risk of failure)
Press: ? - help, Shift-Dir - straight line, f/p - dire elephant skeleton
Aim: a dire elephant skeleton (heavily damaged, 100% to hit)
The stone arrow hits the dire elephant skeleton!
The dire elephant skeleton is severely damaged.
Cast which spell? (? or * to list)
Aiming: Stone Arrow (safe; 1% risk of failure)
Press: ? - help, Shift-Dir - straight line, f/p - dire elephant skeleton
Aim: a dire elephant skeleton (severely damaged, 100% to hit)
The stone arrow hits the dire elephant skeleton!!
The dire elephant skeleton is almost destroyed.
* * * LOW MAGIC WARNING * * *
The dire elephant skeleton completely misses you.
Cast which spell? (? or * to list)
Aiming: Sandblast (safe; 1% risk of failure)
Press: ? - help, Shift-Dir - straight line, f/p - dire elephant skeleton
Aim: a dire elephant skeleton (almost destroyed, 100% to hit)
The blast of sand hits the dire elephant skeleton!
You destroy the dire elephant skeleton!
* * * LOW MAGIC WARNING * * *
The withered plant crumbles away.
There is a large open door here.
Your magical contamination has completely faded away.
You open the door.
A spectral anaconda comes into view.
There is an open door here.
Cast which spell? (? or * to list)
Aiming: Stone Arrow (safe; 1% risk of failure)
Press: ? - help, Shift-Dir - straight line, f - spectral anaconda
Aim: a spectral anaconda (water, dormant, 100% to hit)
The stone arrow hits the spectral anaconda!
The spectral anaconda is moderately damaged.
Cast which spell? (? or * to list)
Aiming: Stone Arrow (safe; 1% risk of failure)
Press: ? - help, Shift-Dir - straight line, f/p - spectral anaconda
Aim: a spectral anaconda (moderately damaged, 75% to hit)
The stone arrow misses the spectral anaconda.
You block the spectral anaconda's attack.
The spectral anaconda completely misses you.
Cast which spell? (? or * to list)
You erupt in a fountain of uncontrolled magic!
The withered plant is blasted with magical radiation!!!
The withered plant begins to crumble.
The withered plant is moderately damaged.
The withered plant twists and deforms.
The spectral anaconda is blasted with magical radiation!
The spectral anaconda is heavily damaged.
You are very lightly contaminated with residual magic.
The spectral anaconda misses you.
You block the spectral anaconda's attack.
Cast which spell? (? or * to list)
You miscast Irradiate.
There is a flash of cinnabar.
* * * LOW MAGIC WARNING * * *
The spectral anaconda closely misses you.
You block the spectral anaconda's attack. x2
The spectral anaconda bites you but does no damage.
Cast which spell? (? or * to list)
Aiming: Sandblast (safe; 1% risk of failure)
Press: ? - help, Shift-Dir - straight line, f/p - spectral anaconda
Aim: a spectral anaconda (heavily damaged, 84% to hit)
The blast of sand hits the spectral anaconda.
The spectral anaconda is heavily damaged.
* * * LOW MAGIC WARNING * * *
You block the spectral anaconda's attack.
The spectral anaconda misses you.
The spectral anaconda barely misses you.
The spectral anaconda completely misses you.
You block the spectral anaconda's attack.
The spectral anaconda misses you.
Cast which spell? (? or * to list)
Aiming: Sandblast (safe; 1% risk of failure)
Press: ? - help, Shift-Dir - straight line, f/p - spectral anaconda
Aim: a spectral anaconda (heavily damaged, 84% to hit)
The blast of sand hits the spectral anaconda!!
The spectral anaconda is almost destroyed.
* * * LOW MAGIC WARNING * * *
The withered plant crumbles away.
You block the spectral anaconda's attack.
The spectral anaconda bites you but does no damage.
The spectral anaconda closely misses you.
The spectral anaconda bites you but does no damage.
You block the spectral anaconda's attack.
The spectral anaconda misses you.
Cast which spell? (? or * to list)
Aiming: Sandblast (safe; 1% risk of failure)
Press: ? - help, Shift-Dir - straight line, f/p - spectral anaconda
Aim: a spectral anaconda (almost destroyed, 84% to hit)
The blast of sand hits the spectral anaconda!
You destroy the spectral anaconda!
Cheibriados thoroughly appreciates the change of pace.
* * * LOW MAGIC WARNING * * *
You enter the shallow water.
Moving in this stuff is going to be slow.
Your magical contamination has completely faded away.
You open the large door.
The necromancer shouts!
Throw: 13 darts (curare)
Press: ? - help, Shift-Dir - straight line, f - dire elephant
Aim: a dire elephant (92% to hit)
Okay, then.
Cast which spell? (? or * to list)
Aiming: Stone Arrow (safe; 1% risk of failure)
Press: ? - help, Shift-Dir - straight line, f - dire elephant
Aim: a dire elephant (100% to hit)
The stone arrow hits the necromancer!
The necromancer is moderately wounded.
Cast which spell? (? or * to list)
Aiming: Stone Arrow (safe; 1% risk of failure)
Press: ? - help, Shift-Dir - straight line, f/p - dire elephant
Aim: a dire elephant (100% to hit)
The stone arrow misses the necromancer.
The stone arrow hits the dire elephant!!
The dire elephant is moderately wounded.
The necromancer casts a spell.
The necromancer binds the souls of nearby monsters.
Cast which spell? (? or * to list)
Aiming: Stone Arrow (safe; 1% risk of failure)
Press: ? - help, Shift-Dir - straight line, f/p - dire elephant
Aim: a dire elephant (moderately wounded, soul bound, 100% to hit)
The stone arrow hits the necromancer!!
The necromancer is almost dead.
You block the necromancer's attack.
Cast which spell? (? or * to list)
Aiming: Stone Arrow (safe; 1% risk of failure)
Press: ? - help, Shift-Dir - straight line, f/p - dire elephant
Aim: a dire elephant (moderately wounded, soul bound, 100% to hit)
The stone arrow hits the necromancer!!
You kill the necromancer!
Cheibriados appreciates the change of pace.
Cast which spell? (? or * to list)
Aiming: Stone Arrow (safe; 1% risk of failure)
Press: ? - help, Shift-Dir - straight line, f/p - dire elephant
Aim: a dire elephant (moderately wounded, soul bound, 100% to hit)
The stone arrow hits the dire elephant!
The dire elephant is moderately wounded.
The dire elephant barely misses you. The dire elephant trunk-slaps you.
Cast which spell? (? or * to list)
Aiming: Stone Arrow (safe; 1% risk of failure)
Press: ? - help, Shift-Dir - straight line, f/p - dire elephant
Aim: a dire elephant (moderately wounded, soul bound, 100% to hit)
The stone arrow hits the dire elephant!
The dire elephant is heavily wounded.
The dire elephant barely misses you.
The dire elephant completely misses you.
Cast which spell? (? or * to list)
Aiming: Stone Arrow (safe; 1% risk of failure)
Press: ? - help, Shift-Dir - straight line, f/p - dire elephant
Aim: a dire elephant (heavily wounded, soul bound, 100% to hit)
The stone arrow hits the dire elephant!!
The dire elephant is severely wounded.
You block the dire elephant's attack. x2
Cast which spell? (? or * to list)
Aiming: Stone Arrow (safe; 1% risk of failure)
Press: ? - help, Shift-Dir - straight line, f/p - dire elephant
Aim: a dire elephant (severely wounded, soul bound, 100% to hit)
The stone arrow hits the dire elephant!
The dire elephant is severely wounded.
You block the dire elephant's attack.
The dire elephant completely misses you.
Cast which spell? (? or * to list)
Aiming: Stone Arrow (safe; 1% risk of failure)
Press: ? - help, Shift-Dir - straight line, f/p - dire elephant
Aim: a dire elephant (severely wounded, soul bound, 100% to hit)
The stone arrow hits the dire elephant.
The dire elephant is severely wounded.
* * * LOW MAGIC WARNING * * *
You block the dire elephant's attack.
The dire elephant trunk-slaps you but does no damage.
The dire elephant closely misses you.
The dire elephant trunk-slaps you but does no damage.
The dire elephant tramples you but does no damage.
The dire elephant misses you.
You block the dire elephant's attack. x2
The dire elephant barely misses you. The dire elephant trunk-slaps you.
The dire elephant tramples you!!
You stumble backwards!
There is an open door here.
Hit: U) staff of death
Press: ? - help, Dir - move target, f/p - dire elephant
Aim: a dire elephant (severely wounded, soul bound, about 8% to evade your staff of death)
You hit the dire elephant but do no damage.
The dire elephant is severely wounded.
The dire elephant closely misses you.
You block the dire elephant's attack. x2
The dire elephant trunk-slaps you!
Okay, then.
Aiming: Fastroot
Press: ? - help, Shift-Dir - straight line, f/p - dire elephant
Aim: a dire elephant (severely wounded, soul bound)
The roots erupt in riotous growth!
Roots grab the dire elephant.
The grasping roots constrict the dire elephant!
The dire elephant tramples you!!
* * * LOW HITPOINT WARNING * * *
You stumble backwards!
The roots lose their grip on the dire elephant.
Okay, then.
Press: ? - help, v - describe, . - travel
Here: a dire elephant (severely wounded, soul bound)
An open door.
You feel much better. You block the dire elephant's attack.
The dire elephant trunk-slaps you but does no damage.
Aiming: Fastroot
Press: ? - help, Shift-Dir - straight line, f/p - dire elephant
Aim: a dire elephant (severely wounded, soul bound)
The roots erupt in riotous growth!
Roots grab the dire elephant.
The grasping roots constrict the dire elephant.
The dire elephant tramples you but does no damage.
The dire elephant completely misses you.
The grasping roots constrict the dire elephant.
The dire elephant's soul is no longer bound.
The roots release their grip on the dire elephant.
The dire elephant attacks as it pursues you!
The dire elephant completely misses you.
The dire elephant trunk-slaps you but does no damage.
The dire elephant tramples you!
You hold your ground!
You block the dire elephant's attack.
Aiming: Fastroot
Press: ? - help, Shift-Dir - straight line, f/p - dire elephant
Aim: a dire elephant (severely wounded)
Okay, then.
Cast which spell? (? or * to list)
Aiming: Stone Arrow (safe; 1% risk of failure)
Press: ? - help, Shift-Dir - straight line, f/p - dire elephant
Aim: a dire elephant (severely wounded, 100% to hit)
The stone arrow hits the dire elephant.
The dire elephant is almost dead.
The dire elephant tramples you!!
* * * LOW HITPOINT WARNING * * *
You hold your ground!
The dire elephant trunk-slaps you!
* * * LOW HITPOINT WARNING * * *
Press: ? - help, v - describe, . - travel
Here: a dire elephant (almost dead)
The floor.
Unknown command.
Unknown command.
Press: ? - help, v - describe, . - travel
Here: a dire elephant (almost dead)
The floor.
Press: ? - help, v - describe, . - travel
Here: a dire elephant (almost dead)
The floor.
Unknown command.
Cast which spell? (? or * to list)
You erupt in a fountain of uncontrolled magic!
The dire elephant is blasted with magical radiation!!
The dire elephant is almost dead.
The dire elephant twists and deforms.
You are very lightly contaminated with residual magic.
The dire elephant tramples you!
You die...

##### ♣♣###.#.###
##♣♣.........## #P♣P..........#
##.......#..#..#
#P.P♣♣####''#''######### #####
#♣.♣♣ #8..#...@8##.~~##8...8#
##+ #P.P#....Y'..~≈~)...)♦#
##)# #.#.####.8#.~≈≈≈'...$|#
#########[#P..P####.≈≈≈≈#8...8#
####8.....####....#~~~~P#######
#(.....# ####.###~.###8.8##
#8....P# #P.P#####8P⌠.8###
######## ###..............
♣########'''####


You could see a dire elephant (misshapen).

Vanquished Creatures
  A dire elephant (Lair:4)
  A hydra (Lair:3)
  Erica (D:10)
  3 death yaks
  Nergalle (D:10)
  A fire crab (Lair:5)
  A skeletal warrior (D:11)
  A spectral anaconda (Lair:5)
  2 obsidian statues
  2 necromancers (Lair:5)
  2 elephants (Lair:5)
  Maurice (D:7)
  A black mamba (Lair:5)
  A dire elephant skeleton (Lair:5)
  12 cane toads
  2 kobold demonologists
  3 komodo dragons
  4 trolls
  2 polar bears
  A hornet (D:8)
  15 blink frogs
  A spectral elephant (Lair:5)
  6 dream sheep (Lair:4)
  A vampire (D:11)
  4 wyverns
  2 wraiths
  Eustachio (D:6)
  24 yaks
  2 steam dragons
  A death yak simulacrum (Lair:5)
  Menkaure (D:7)
  A spectral cane toad (Lair:5)
  2 swamp worms (Lair:3)
  2 nagas (Lair:2)
  6 water moccasins
  Duvessa (D:6)
  A black bear (D:7)
  4 orc warriors
  2 ice beasts
  8 wolves
  4 centaurs
  10 kobold brigands
  2 phantoms
  11 bullfrogs
  A scorpion (D:5)
  Dowan (D:6)
  A howler monkey (D:6)
  2 electric eels (D:11)
  A bombardier beetle (D:5)
  3 jellies
  2 hounds
  7 orc priests
  Crazy Yiuf (D:7)
  A sleepcap (D:7)
  A gnoll bouda (D:7)
  2 iguanas
  11 orc wizards
  4 hell rats (Lair:2)
  8 gnolls
  12 adders
  4 river rats (Sewer)
  2 shadow imps (D:6)
  3 white imps
  An ufetubus (D:6)
  2 ribbon worms
  2 dart slugs
  29 orcs
  6 endoplasms
  4 giant cockroaches
  5 goblins
  3 hobgoblins
  28 kobolds
  3 quokkas (D:2)
  12 ball pythons
  3 bats
  4 frilled lizards
  19 rats
343 creatures vanquished.

Vanquished Creatures (collateral kills)
  An orc priest (D:10)
  6 orcs (D:10)
7 creatures vanquished.

Vanquished Creatures (others)
  An orc warrior (D:10)
1 creature vanquished.

Grand Total: 351 creatures vanquished

Notes
Turn   | Place    | Note
-------+----------+-------------------------------------------
     0 | D:1      | jagoly the Gargoyle Monk began the quest for the Orb.
     0 | D:1      | Reached XP level 1. HP: 14/14 MP: 1/1
   215 | D:1      | Reached XP level 2. HP: 11/19 MP: 2/2
   258 | D:2      | Reached skill level 1 in Stealth
   261 | D:2      | Reached XP level 3. HP: 20/23 MP: 3/3
   498 | D:2      | Found Boep's Jewellery Emporium.
   733 | D:3      | Reached XP level 4. HP: 29/29 MP: 4/4
   777 | D:4      | Noticed a phantom
   799 | D:4      | Killed a phantom
   800 | D:4      | Reached skill level 4 in Fighting
   800 | D:4      | Reached skill level 1 in Armour
   800 | D:4      | Reached XP level 5. HP: 22/33 MP: 5/5
  1057 | D:4      | Noticed an ice beast
  1079 | D:4      | Killed an ice beast
  1080 | D:4      | Reached XP level 6. HP: 10/39 MP: 6/6
  1101 | D:4      | Identified the ring of Gereunk {MP+9 Int+6}
  1105 | D:4      | Learned a level 1 spell: Sandblast
  1170 | D:5      | Entered Level 5 of the Dungeon
  1188 | D:5      | Found a hazy altar of Hepliaklqana.
  1231 | D:5      | Reached skill level 1 in Earth Magic
  1299 | D:5      | Reached skill level 1 in Spellcasting
  1379 | D:5      | Reached XP level 7. HP: 27/44 MP: 2/9
  1390 | D:5      | Found an ancient bone altar of Kikubaaqudgha.
  1390 | D:5      | Found a faded altar of an unknown god.
  1396 | D:5      | Found a faded altar of an unknown god.
  1401 | D:5      | Found a burning altar of Makhleb.
  1402 | D:5      | Found a snail-covered altar of Cheibriados.
  1410 | D:5      | Became a worshipper of Cheibriados the Contemplative
  1410 | D:5      | Reached * piety under Cheibriados
  1410 | D:5      | Reached ** piety under Cheibriados
  1415 | D:5      | Learned a level 3 spell: Passwall
  1419 | D:5      | Learned a level 3 spell: Stone Arrow
  1433 | D:5      | Found a staircase to the Ecumenical Temple.
  1489 | D:5      | Found a glowing golden altar of the Shining One.
  1533 | D:5      | Reached skill level 1 in Conjurations
  1601 | D:5      | Found a glowing drain.
  1614 | Sewer    | Entered a sewer
  1760 | Sewer    | Reached *** piety under Cheibriados
  1799 | Sewer    | Reached skill level 5 in Earth Magic
  1930 | D:5      | Found Fukaid's Distillery.
  1940 | D:5      | Bought a potion of heal wounds for 60 gold pieces
  1940 | D:5      | Bought a potion of curing for 36 gold pieces
  1940 | D:5      | Bought a potion of might for 48 gold pieces
  1979 | D:6      | Noticed Duvessa
  1979 | D:6      | Noticed Dowan
  1990 | D:6      | Killed Duvessa
  1991 | D:6      | Reached XP level 8. HP: 48/48 MP: 1/11
  2045 | D:6      | Noticed Eustachio
  2050 | D:6      | Killed Eustachio
  2128 | D:6      | Noticed a wraith
  2148 | D:7      | Killed a wraith
  2186 | D:7      | Reached **** piety under Cheibriados
  2192 | D:7      | Reached skill level 5 in Conjurations
  2220 | D:7      | Found Nierosiv's Tremendous Tomes.
  2259 | D:7      | Noticed Maurice
  2267 | D:7      | Killed Maurice
  2268 | D:7      | Reached XP level 9. HP: 52/52 MP: 6/15
  2290 | D:7      | Learned a level 5 spell: Borgnjor's Vile Clutch
  2401 | D:7      | Found Atanes's Armour Boutique.
  2428 | D:7      | Found a runed translucent door.
  2429 | D:7      | Noticed Crazy Yiuf
  2433 | D:7      | Killed Crazy Yiuf
  2499 | D:7      | Found a flagged portal.
  2503 | D:7      | Reached skill level 5 in Axes
  2541 | D:7      | Noticed Menkaure
  2544 | D:7      | Killed Menkaure
  2545 | D:7      | Reached skill level 5 in Fighting
  2643 | D:9      | Noticed a troll
  2647 | D:9      | Killed a troll
  2648 | D:9      | Reached skill level 1 in Throwing
  2706 | D:10     | Entered Level 10 of the Dungeon
  2712 | D:9      | Noticed a troll
  2738 | D:9      | Reached ***** piety under Cheibriados
  2756 | D:9      | Killed a troll
  2859 | D:9      | Reached skill level 5 in Armour
  2861 | D:9      | Reached XP level 10. HP: 50/60 MP: 5/16
  2913 | D:9      | Reached skill level 6 in Fighting
  2978 | D:9      | Reached skill level 7 in Fighting
  3014 | D:9      | Found a stormy altar of Qazlal.
  3050 | D:9      | Found a shimmering blue altar of Sif Muna.
  3067 | D:9      | Found a bloodstained altar of Trog.
  3498 | D:8      | Found a staircase to the Lair.
  3602 | D:6      | Reached skill level 8 in Fighting
  3606 | D:6      | Killed Dowan
  3607 | D:6      | Reached skill level 1 in Alchemy
  3687 | D:10     | Noticed an obsidian statue
  3717 | D:10     | Reached skill level 1 in Evocations
  3849 | D:10     | Noticed a kobold demonologist
  3854 | D:10     | Killed a kobold demonologist
  3935 | D:10     | Noticed Erica
  3940 | D:10     | Noticed Nergalle
  3943 | D:10     | Killed Erica
  3946 | D:10     | Killed Nergalle
  3947 | D:10     | Reached XP level 11. HP: 69/69 MP: 8/17
  4080 | D:10     | Learned a level 5 spell: Irradiate
  4143 | D:11     | Reached ****** piety under Cheibriados
  4161 | D:11     | Found Zuntill's Armour Shoppe.
  4200 | D:11     | Found a staircase to the Orcish Mines.
  4237 | D:11     | Noticed a skeletal warrior
  4245 | D:11     | Killed a skeletal warrior
  4247 | D:11     | Noticed a skeletal warrior
  4326 | D:10     | Killed an obsidian statue
  4327 | D:10     | Reached skill level 5 in Alchemy
  4780 | D:2      | Bought an amulet of magic regeneration for 390 gold pieces
  4893 | Lair:1   | Entered Level 1 of the Lair of Beasts
  4934 | Lair:2   | Reached skill level 9 in Fighting
  4934 | Lair:2   | Reached skill level 5 in Dodging
  5004 | Lair:3   | Noticed a death yak
  5006 | Lair:3   | Noticed a death yak
  5013 | Lair:2   | Killed a death yak
  5015 | Lair:3   | Noticed a death yak
  5023 | Lair:2   | Killed a death yak
  5024 | Lair:2   | Reached XP level 12. HP: 52/76 MP: 10/18
  5029 | Lair:3   | Killed a death yak
  5101 | Lair:2   | Reached skill level 10 in Fighting
  5255 | Lair:1   | Reached skill level 5 in Shields
  5312 | Lair:1   | You fall into a shaft and drop 1 floor!
  5342 | Lair:2   | Found a staircase to the Snake Pit.
  5580 | Lair:3   | Noticed a seven-headed hydra
  5585 | Lair:3   | Killed a seven-headed hydra
  5601 | Lair:3   | Found a staircase to the Swamp.
  5788 | Lair:4   | Reached XP level 13. HP: 22/83 MP: 0/19
  5840 | Lair:5   | Entered Level 5 of the Lair of Beasts
  5855 | Lair:5   | Reached skill level 11 in Fighting
  5979 | Lair:5   | Found a staircase to the Slime Pits.
  6072 | Lair:5   | Noticed a dire elephant
  6072 | Lair:5   | Noticed a dire elephant
  6083 | Lair:4   | Reached skill level 10 in Shields
  6086 | Lair:4   | Killed a dire elephant
  6213 | Lair:5   | Reached skill level 12 in Fighting
  6213 | Lair:5   | Reached skill level 5 in Spellcasting
  6290 | Lair:5   | Slain by a dire elephant

Illustrated notes

Levels and vault maps discovered:
D:1:      eino_arrival_cavern_e, layout_basic
D:2:      minmay_spotlight, layout_basic, serial_shops, shop
D:3:      layout_loops_ring, serial_shops, shop, minmay_misc_feat_more_columns
D:4:      layout_rooms
D:5:      layout_gridville, nicolae_hepliaklqana_hazy_memory,
          chequers_temple_overflow_minitemple, amcnicky_altar_gilded,
          minmay_temple_entry_statues_fountains, serial_shops, shop,
          portal_sewer_entry_a
D:6:      layout_loops_ring, serial_bayou, serial_bayou_pond_e,
          serial_bayou_pond_e, serial_bayou_pond_d, serial_bayou_crossing,
          serial_bayou_pond_d, serial_bayou_pond_a, nzn_random_ring,
          uniq_eustachio, uniq_duvessa
D:7:      layout_loops_ring, serial_shops, nicolae_shop_peninsula,
          enter_bailey_5, nicolae_shop_i_like_big_books,
          hangedman_decor_growths, uniq_maurice, uniq_menkaure,
          uniq_crazy_yiuf_cottage
D:8:      layout_layer_cave, lair_entry_dummy
D:9:      layout_long_grid, kennysheep_mini, bloody_trog,
          nicolae_qazlal_eye_of_the_storm
D:10:     layout_basic, minivault_16, uniq_nergalle, uniq_erica
D:11:     layout_basic, minmay_orc_entry_temple_small, serial_shops,
          nicolae_shop_pleasant_corner_grove, nicolae_shop_tiny_waterfront,
          serial_bayou, serial_bayou_ford_a, serial_bayou_shore_a,
          serial_bayou_pond_a, serial_bayou_pond_a
Lair:1:   layout_chaotic_city, chequers_serial_rivers_room_b,
          lemuel_fruit_fields
Lair:2:   layout_gridlike, alex1729_snake_entry_snake
Lair:3:   layout_roguey, palyth_hydra_swamp_entry, grunt_megastairs_2
Lair:4:   layout_hall_layers, nicolae_lair_grazing_beasts
          [nicolae_sub_lair_graze_edge, nicolae_sub_lair_graze_edge,
          nicolae_sub_lair_graze_edge, nicolae_sub_lair_graze_edge],
          infiniplex_staircase_pool_2
Lair:5:   due_jungle_book, layout_gridlike, dpeg_slime_entry_enclosed,
          minivault_25, chequers_serial_rivers_micro_d, grunt_megastairs_3

Skill      XL: |  1  2  3  4  5  6  7  8  9 10 11 12 13 |
---------------+----------------------------------------+-----
Axes           | 3 4 5 6 |  6.0
Stealth        | 1 2 |  2.0
Fighting       | 4 5 8 9 10 12 | 12.0
Armour         | 1 2 5 6 |  6.0
Earth Magic    | 3 5 7 8 |  8.0
Spellcasting   | 1 2 4 5 |  5.8
Conjurations   | 3 6 8 |  8.0
Dodging        | 3 4 5 6 |  6.0
Throwing       | 2 |  2.0
Alchemy        | 4 6 |  6.0
Evocations     | 2 3 4 |  4.0
Shields        | 9 10 | 10.0

Action                     |  1- 3 |  4- 6 |  7- 9 | 10-12 | 13-15 || total
---------------------------+-------+-------+-------+-------+-------++-------
  Melee: Hand axe          |    65 |   111 |   146 |    88 |    37 ||   447
         Staff             |       |       |       |       |     1 ||     1
  Throw: Stone             |       |     5 |       |       |       ||     5
         Dart              |       |       |       |     4 |       ||     4
   Cast: Sandblast         |       |    26 |    66 |    98 |    22 ||   212
         Stone Arrow       |       |       |    39 |   147 |    61 ||   247
         Passwall          |       |       |       |    61 |     8 ||    69
         Irradiate         |       |       |       |    14 |     9 ||    23
  Evoke: Wand              |       |       |       |     2 |     2 ||     4
    Use: Scroll            |       |       |       |    10 |     1 ||    11
         Potion            |       |       |       |     1 |     1 ||     2
 Armour: Robe              |    19 |    36 |   104 |       |       ||   159
         Ring mail         |     7 |    39 |       |       |       ||    46
         Scale mail        |       |       |    49 |       |       ||    49
         Troll leather arm |       |       |    26 |   213 |    55 ||   294
  Dodge: Dodged            |    44 |    73 |   193 |   206 |    58 ||   574
  Block: Kite shield       |       |       |       |    71 |    96 ||   167
